[Event "Early-Titled-Tuesday-Blitz-February-20-2024"]
[Site "Chess.com"]
[Date "2024.02.20"]
[Round "4"]
[White "Aslanov_Umid"]
[Black "leclash"]
[Result "0-1"]
[WhiteElo "2657"]
[BlackElo "2392"]
[TimeControl "180+1"]
[EndTime "8:35:40 PST"]
[Termination "leclash won by resignation"]

1. e4 e5 2. Nf3 Nc6 3. Bc4 Bc5 4. O-O Nf6 5. d3 d6 6. c3 a6 7. a4 O-O 8. h3 Ba7 9. Nbd2 Ne7 10. Qe1 Ng6 11. b4 Nh5 12. Kh2 Kh8 13. Nb3 f5 14. Bg5 Qe8 15. Be3 fxe4 16. dxe4 Rxf3 17. gxf3 Nh4 18.
Be2 Qd7 0-1

[Event "Early-Titled-Tuesday-Blitz-February-20-2024"]
[Site "Chess.com"]
[Date "2024.02.20"]
[Round "4"]
[White "KononenkoD"]
[Black "Chessdude1987"]
[Result "1-0"]
[WhiteElo "2517"]
[BlackElo "2311"]
[TimeControl "180+1"]
[EndTime "8:35:51 PST"]
[Termination "KononenkoD won by resignation"]

1. e4 e6 2. g3 d5 3. Bg2 dxe4 4. Bxe4 Nf6 5. Bg2 e5 6. d3 Bc5 7. Ne2 Ng4 8. O-O Qf6 9. Qe1 Nc6 10. Nbc3 Bb6 11.
Nd5 Qg6 12. Nef4 Qh6 13. h3 g5 14. hxg4 gxf4 15. Bxf4 Qg7 16. Nxb6 axb6 17. Bxc6+ bxc6 18. Bxe5 Qxg4 19. Bxh8+ Be6 20. Qe4 Qg8 21. Qxc6+ 1-0

[Event "Early-Titled-Tuesday-Blitz-February-20-2024"]
[Site "Chess.com"]
[Date "2024.02.20"]
[Round "4"]
[White "GameOverBro"]
[Black "Supergiuly"]
[Result "1-0"]
[WhiteElo "2520"]
[BlackElo "2317"]
[TimeControl "180+1"]
[EndTime "8:35:54 PST"]
[Termination "GameOverBro won by resignation"]

1. e4 e6 2. d4 d5 3. Nd2 a5 4.
c4 a4 5. Ngf3 Ne7 6. Bd3 b6 7.
Qe2 g6 8. h4 h5 9. exd5 exd5 10. Ne5 Be6 11. Nxg6 fxg6 12. Qxe6 Qd7 13. Bxg6+ Kd8 14.
Qxd7+ Nxd7 15. Bd3 Bg7 16. Nf3 dxc4 17. Bxc4 Nf5 18.
Bg5+ Kc8 19. O-O-O Kb7 20. Be6 Nf6 21. Bxf5 Nd5 22. Rhe1 Nb4 23. a3 Nd5 24. Re6 Rhf8 25. Be4 Rad8 26. Bxd8 Rxd8 27. Kb1 c6 28. Rc1 1-0

[Event "Early-Titled-Tuesday-Blitz-February-20-2024"]
[Site "Chess.com"]
[Date "2024.02.20"]
[Round "4"]
[White "Me_ch_an"]
[Black "DvaHrasta"]
[Result "0-1"]
[WhiteElo "2325"]
[BlackElo "2520"]
[TimeControl "180+1"]
[EndTime "8:36:03 PST"]
[Termination "DvaHrasta won by resignation"]

1. e4 c6 2. d4 d5 3. Nd2 dxe4 4.
Nxe4 Nf6 5. Nxf6+ exf6 6. c3 Bd6 7. Bd3 O-O 8. Ne2 Qc7 9. Qc2 h6 10. Bd2 Re8 11. O-O-O c5 12. Kb1 c4 13. Bh7+ Kh8 14.
Ng3 Qa5 15. Rhe1 Bd7 16. Rxe8+ Bxe8 17. Nf5 Bf8 18. Qe4 Bc6 19. Qg4 Kxh7 20. Re1 Bd7 0-1

[Event "Early-Titled-Tuesday-Blitz-February-20-2024"]
[Site "Chess.com"]
[Date "2024.02.20"]
[Round "4"]
[White "dropstoneDP"]
[Black "angelgab3"]
[Result "1/2-1/2"]
[WhiteElo "3025"]
[BlackElo "2768"]
[TimeControl "180+1"]
[EndTime "8:36:05 PST"]
[Termination "Game drawn by repetition"]

1. e4 e5 2. Nf3 Nc6 3. Bb5 a6 4. Ba4 Nf6 5. O-O Nxe4 6. d4 Be7 7. Re1 b5 8. Rxe4 d5 9. Nxe5 Nxe5 10. Rxe5 bxa4 11.
b3 O-O 12. Ba3 Bxa3 13. Nxa3 Qd6 14. Nb1 c5 15. Nc3 axb3 16. cxb3 Be6 17. Na4 cxd4 18.
Qxd4 Rac8 19. Rae1 Rc2 20. R5e2 Rxe2 21. Rxe2 Rc8 22.
Re1 Rc2 23. h3 Rxa2 24. Nc5 Rc2 25. b4 Rc4 26. Qe5 Qxe5 27. Rxe5 Rxb4 28. Nxe6 fxe6 29. Rxe6 a5 30. Rd6 Rb1+ 31. Kh2 Rd1 32. Ra6 Ra1 33. Rd6 Rd1 34. Ra6 Ra1 35. Rd6 Rd1 1/2-1/2

[Event "Early-Titled-Tuesday-Blitz-February-20-2024"]
[Site "Chess.com"]
[Date "2024.02.20"]
[Round "4"]
[White "Yan_Dyomin2010"]
[Black "Capablanca_Oujda_2021"]
[Result "1-0"]
[WhiteElo "2733"]
[BlackElo "2529"]
[TimeControl "180+1"]
[EndTime "8:36:19 PST"]
[Termination "Yan_Dyomin2010 won by resignation"]

1. e4 d5 2. exd5 Nf6 3. Nf3 Nxd5 4. g3 Bf5 5. Bg2 Nc6 6. O-O e6 7. Nh4 Bg6 8. Nxg6 hxg6 9. d4 Qd7 10. c4 Nf6 11. d5 O-O-O 12. Nc3 exd5 13. cxd5 Nb4 14. Be3 Nbxd5 15. Nxd5 Nxd5 16. Bxa7 b6 17. Qb3 Kb7 18.
Rfd1 Kxa7 19. Rxd5 Bd6 20. Ra5+ 1-0

[Event "Early-Titled-Tuesday-Blitz-February-20-2024"]
[Site "Chess.com"]
[Date "2024.02.20"]
[Round "4"]
[White "ShieldingOff"]
[Black "Chessbard1972"]
[Result "0-1"]
[WhiteElo "2129"]
[BlackElo "2463"]
[TimeControl "180+1"]
[EndTime "8:36:22 PST"]
[Termination "Chessbard1972 won by resignation"]

1. d4 Nf6 2. c4 g6 3. Nc3 Bg7 4. e4 d6 5. Be2 O-O 6. Be3 Na6 7. g4 c5 8. d5 e6 9. h4 exd5 10. exd5 Re8 11. Bf3 Nc7 12. h5 b5 13. g5 Nd7 14. cxb5 Rxe3+ 15. fxe3 Qxg5 16. Ne4 Qxe3+ 17. Qe2 Qd4 18. Nxd6 Ne5 19. Rd1 Qb4+ 20. Kf1 Bd7 21. hxg6 fxg6 22. Ne4 Bxb5 23. Rd3 Bxd3 0-1

[Event "Early-Titled-Tuesday-Blitz-February-20-2024"]
[Site "Chess.com"]
[Date "2024.02.20"]
[Round "4"]
[White "Cubitas"]
[Black "fitod"]
[Result "0-1"]
[WhiteElo "2643"]
[BlackElo "2428"]
[TimeControl "180+1"]
[EndTime "8:36:35 PST"]
[Termination "fitod won by resignation"]

1. e4 d6 2. Nc3 g6 3. Bc4 Bg7 4. f4 e6 5. Nf3 Ne7 6. d3 O-O 7. Bb3 a5 8. a4 Nd7 9. h4 h5 10. f5 exf5 11. Bg5 Nc5 12. Ba2 Kh7 13. Qd2 f6 14.
Be3 fxe4 15. dxe4 Bg4 16. Nd4 Qd7 17. O-O Rae8 18. Ndb5 b6 19. Bc4 Nc6 20. Bxc5 bxc5 21. Rae1 Ne5 22. Be2 Bh6 23. Qd1 Bxe2 24. Kh1 Bxd1 0-1

[Event "Early-Titled-Tuesday-Blitz-February-20-2024"]
[Site "Chess.com"]
[Date "2024.02.20"]
[Round "4"]
[White "secrethawk1"]
[Black "ChessArchitect64"]
[Result "0-1"]
[WhiteElo "2461"]
[BlackElo "2202"]
[TimeControl "180+1"]
[EndTime "8:36:35 PST"]
[Termination "ChessArchitect64 won by resignation"]

1. e4 e6 2. d4 d5 3. Nc3 Bb4 4. exd5 exd5 5. Bd3 Nc6 6. Ne2 Nge7 7. a3 Bxc3+ 8.
bxc3 Bf5 9. O-O O-O 10. Rb1 b6 11. Bg5 f6 12. Bf4 Qd7 13. Ng3 Bxd3 14. Qxd3 Rae8 15.
Rfe1 Ng6 16. Bd2 Rxe1+ 17. Rxe1 f5 18. f3 f4 19. Ne2 Nce7 20. c4 c6 21. cxd5 cxd5 22.
c4 Kh8 23. Nc3 dxc4 24. Qxc4 Nf5 25. d5 Rc8 26. Qd3 h5 27. Ne4 Ne5 28. Qb3 Nd4 29. Qb2 Nexf3+ 30. gxf3 Nxf3+ 31. Kf2 Nxe1 32. Bxe1 Qxd5 33. Nc3 Qd4+ 34. Kf1 Re8 35. Bf2 Qd3+ 36. Kg1 f3 37. Qc1 Qg6+ 38. Bg3 h4 39. Nd5 hxg3 40. Nf4 gxh2+ 41. Kh1 Qg3 42. Qf1 Re1 43. Ng6+ Qxg6 0-1

[Event "Early-Titled-Tuesday-Blitz-February-20-2024"]
[Site "Chess.com"]
[Date "2024.02.20"]
[Round "4"]
[White "vi_pranav"]
[Black "ShazilTheGOAT2006"]
[Result "1-0"]
[WhiteElo "3041"]
[BlackElo "2625"]
[TimeControl "180+1"]
[EndTime "8:36:36 PST"]
[Termination "vi_pranav won by resignation"]

1. e4 c6 2. d4 d5 3. e5 Bf5 4.
Nf3 e6 5. Be2 Nd7 6. O-O Ne7 7.
c3 h6 8. Na3 Nc8 9. Nc2 Be7 10.
Nfe1 O-O 11. Bd3 Bxd3 12. Nxd3 c5 13. Ne3 c4 14. Nf4 Bg5 15. Qg4 f5 16. exf6 Nxf6 17. Qxe6+ Kh7 18. Qf5+ Kg8 19. Qe6+ Kh7 20. Nfxd5 Bxe3 21. Nxf6+ Qxf6 22. Qxf6 Rxf6 23. Bxe3 Ne7 24. f3 Nd5 25.
Bd2 Re6 26. Rae1 Rae8 27. Kf2 Kg6 28. g4 Kf7 29. h4 Rb6 30. Rxe8 Kxe8 31. Re1+ Kf7 32.
Bc1 Ra6 33. Re5 Ne7 34. a3 Rc6 35. h5 b6 36. Bf4 Rc8 37. Bg3 Rd8 38. Rxe7+ 1-0

[Event "Early-Titled-Tuesday-Blitz-February-20-2024"]
[Site "Chess.com"]
[Date "2024.02.20"]
[Round "4"]
[White "wqws"]
[Black "NastyaHn"]
[Result "0-1"]
[WhiteElo "2669"]
[BlackElo "2442"]
[TimeControl "180+1"]
[EndTime "8:36:36 PST"]
[Termination "NastyaHn won by resignation"]

1. e4 e6 2. d4 d5 3. Nc3 Bb4 4. e5 c5 5. a3 Bxc3+ 6. bxc3 Ne7 7.
Nf3 Qc7 8. a4 Bd7 9. Bd3 Nbc6 10.
Bd2 Nf5 11. g4 Nfe7 12. Rg1 O-O-O 13. dxc5 Nxe5 14. Nxe5 Qxe5+ 15. Be3 Qxh2 16. Kd2 Nc6 17. a5 a6 18. Qe2 Qc7 19. Rgb1 Nb8 20. Qf3 Bc6 21. Rb6 d4 22. Rxc6 dxe3+ 23. Qxe3 0-1

[Event "Early-Titled-Tuesday-Blitz-February-20-2024"]
[Site "Chess.com"]
[Date "2024.02.20"]
[Round "4"]
[White "ExchangeAB"]
[Black "HittingRookBottom"]
[Result "1-0"]
[WhiteElo "2440"]
[BlackElo "2046"]
[TimeControl "180+1"]
[EndTime "8:36:38 PST"]
[Termination "ExchangeAB won by checkmate"]

1. d4 c6 2. e4 d5 3. exd5 cxd5 4. Bd3 Nc6 5. c3 Nf6 6. Bf4 e6 7. Nd2 Bd6 8. Bxd6 Qxd6 9. Ngf3 O-O 10. O-O h6 11.
Re1 Re8 12. Ne5 Nd7 13. f4 Qe7 14. Qf3 Nf6 15. g4 Nxe5 16. fxe5 Nh7 17. Bxh7+ Kxh7 18. Rf1 Rf8 19. Rf2 f5 20. exf6 Rxf6 21. Qe3 Rxf2 22.
Kxf2 Bd7 23. Nf3 Rf8 24. Kg3 g5 25. Re1 Rf4 26. Ne5 Re4 27. Qf2 Be8 28. Rxe4 dxe4 29. Qe3 Qf6 30. Qxe4+ Bg6 31. Qxg6+ Qxg6 32. Nxg6 Kxg6 33.
Kf3 Kf6 34. Ke4 a6 35. h3 Kg6 36. Ke5 Kf7 37. Kd6 Kf6 38. c4 a5 39. c5 a4 40. b3 a3 41. b4 Kf7 42. b5 Kf6 43. b6 h5 44. c6 hxg4 45. hxg4 bxc6 46. b7 e5 47. dxe5+ Kg6 48. b8=Q c5 49. Qg8+ Kh6 50.
Ke6 c4 51. Kf6 c3 52. Qg7# 1-0

[Event "Early-Titled-Tuesday-Blitz-February-20-2024"]
[Site "Chess.com"]
[Date "2024.02.20"]
[Round "4"]
[White "VladimirBugayev"]
[Black "UnTucopalaTimba"]
[Result "1-0"]
[WhiteElo "2264"]
[BlackElo "1988"]
[TimeControl "180+1"]
[EndTime "8:36:38 PST"]
[Termination "VladimirBugayev won by resignation"]

1. e4 c6 2. d4 d5 3. exd5 cxd5 4. Bd3 Nf6 5. c3 Nc6 6. h3 e5 7. dxe5 Nxe5 8. Nf3 Nxd3+ 9. Qxd3 Be7 10. O-O O-O 11. Bg5 h6 12. Bxf6 Bxf6 13. Nbd2 Be6 14. Nb3 Qc7 15.
Nbd4 Bd7 16. Rad1 a6 17. Rfe1 Qb6 18. Rd2 Rfe8 19. Red1 Rad8 20. Nf5 Bb5 21. Qc2 Bc4 22. b3 Bb5 23. Ne3 Bc6 24. Nxd5 Bxd5 25. Rxd5 Rc8 26. c4 Qe6 27. Re1 Qc6 28. Rxe8+ Rxe8 29. Qd2 Qb6 30. Rd7 a5 31. Qd5 Qb4 32. Qxf7+ Kh8 33. Qxe8+ 1-0

[Event "Early-Titled-Tuesday-Blitz-February-20-2024"]
[Site "Chess.com"]
[Date "2024.02.20"]
[Round "4"]
[White "BillCoe"]
[Black "GrotBchess"]
[Result "1-0"]
[WhiteElo "2136"]
[BlackElo "2360"]
[TimeControl "180+1"]
[EndTime "8:36:40 PST"]
[Termination "BillCoe won by resignation"]

1. e4 c5 2. Nf3 e6 3. d4 cxd4 4. Nxd4 Nc6 5. Be3 Nf6 6. Bd3 d5 7. exd5 b6 8. dxc6 Nd5 9. Qe2 Bc5 10. c3 Nxe3 11. Qxe3 O-O 12. Qe4 g6 13. Nd2 Qc7 14.
N2b3 Be7 15. O-O a6 16. Rad1 Bf6 17. Rfe1 Rd8 18. Nf3 Rd6 19. Qf4 Bg7 20. Be4 e5 21.
Qe3 f5 22. Bd5+ Kh8 23. Nxe5 Be6 24. Bxe6 Rxe6 25. Nf7+ Qxf7 26. Qxe6 Qc7 27. Rd7 Qf4 28. g3 Qf3 29. Qe7 Rg8 30. c7 Qc6 31. Rd8 Bh6 32. Rxg8+ Kxg8 33. Qd8+ 1-0

[Event "Early-Titled-Tuesday-Blitz-February-20-2024"]
[Site "Chess.com"]
[Date "2024.02.20"]
[Round "4"]
[White "kibromNNN"]
[Black "esrosenberg"]
[Result "0-1"]
[WhiteElo "1756"]
[BlackElo "2421"]
[TimeControl "180+1"]
[EndTime "8:36:43 PST"]
[Termination "esrosenberg won by resignation"]

1. d4 d5 2. c4 c6 3. Nc3 Nf6 4. e3 a6 5. a4 Bf5 6. Nf3 e6 7. Be2 Nbd7 8. Nh4 Bg6 9. g3 Bd6 10. c5 Bc7 11. Bf3 e5 12. O-O e4 13. Bg2 Qe7 14. b4 Bh5 15. Ne2 Qe6 16. Bh1 g5 17. Ng2 Bf3 18. h4 h6 19. Qb3 Bxe2 20. Re1 Bf3 21. b5 axb5 22. Bd2 O-O 23. a5 Qh3 0-1

[Event "Early-Titled-Tuesday-Blitz-February-20-2024"]
[Site "Chess.com"]
[Date "2024.02.20"]
[Round "4"]
[White "Carlitus2004"]
[Black "Lady_Nika"]
[Result "0-1"]
[WhiteElo "2369"]
[BlackElo "2566"]
[TimeControl "180+1"]
[EndTime "8:36:44 PST"]
[Termination "Lady_Nika won by resignation"]

1. Nf3 d5 2. g3 e6 3. Bg2 f5 4.
d3 Nf6 5. O-O Be7 6. Nc3 O-O 7.
e4 d4 8. Ne2 fxe4 9. dxe4 c5 10. Ne5 Qc7 11. Nc4 e5 12. Bg5 Nc6 13. a4 Be6 14. Qd3 Nb4 15. Qb3 Bd8 16. c3 Nc6 17. Qa2 Na5 18. b3 Nxc4 19. bxc4 Qf7 20. cxd4 cxd4 21. Rfc1 Rc8 22. f4 Bxc4 23. Qb2 Ng4 24. Bxd8 Rfxd8 25. Bh3 Qh5 26. Bxg4 Qxg4 27. Kf2 exf4 28.
gxf4 Bxe2 29. Qxe2 Qxf4+ 30. Kg1 Rxc1+ 0-1

[Event "Early-Titled-Tuesday-Blitz-February-20-2024"]
[Site "Chess.com"]
[Date "2024.02.20"]
[Round "4"]
[White "yaguigor"]
[Black "Rosh1610"]
[Result "1-0"]
[WhiteElo "2678"]
[BlackElo "2380"]
[TimeControl "180+1"]
[EndTime "8:36:46 PST"]
[Termination "yaguigor won by resignation"]

1. Nf3 d5 2. d4 Nf6 3. c4 e6 4. Nc3 c5 5. cxd5 Nxd5 6. e4 Nxc3 7. bxc3 cxd4 8. cxd4 Bb4+ 9. Bd2 Bxd2+ 10. Qxd2 O-O 11. Bc4 Nd7 12. O-O b6 13. Rfe1 Bb7 14.
Rad1 Nf6 15. d5 exd5 16. exd5 Rc8 17. Bb3 Rc5 18. d6 Bxf3 19. gxf3 Nd7 20. Re7 Ne5 21. Qe3 Ng6 22. Bxf7+ Kh8 23. Bxg6 hxg6 24. d7 Rc3 25. Qe5 1-0

[Event "Early-Titled-Tuesday-Blitz-February-20-2024"]
[Site "Chess.com"]
[Date "2024.02.20"]
[Round "4"]
[White "Sofia_Blokhin"]
[Black "tusplingher"]
[Result "0-1"]
[WhiteElo "2251"]
[BlackElo "2484"]
[TimeControl "180+1"]
[EndTime "8:36:50 PST"]
[Termination "tusplingher won by resignation"]

1. d4 Nf6 2. c4 c5 3. d5 b5 4. cxb5 a6 5. bxa6 d6 6. Nc3 g6 7. e4 Bg7 8. Be2 O-O 9. Nf3 Bxa6 10. O-O Qa5 11. Nd2 Bxe2 12. Qxe2 Qa6 13. Qxa6 Nxa6 14.
Nc4 Rfb8 15. f4 Nd7 16. Bd2 Nb4 17. Rab1 Nxa2 18. Ra1 Nb4 19. Ra3 Nd3 20. Rfa1 Rxa3 21. bxa3 Rb3 22. e5 dxe5 23. Na5 Rb2 24. Nc4 Rb8 25. fxe5 N7xe5 26. Rb1 Rxb1+ 27. Nxb1 Nxc4 0-1

[Event "Early-Titled-Tuesday-Blitz-February-20-2024"]
[Site "Chess.com"]
[Date "2024.02.20"]
[Round "4"]
[White "Iball95"]
[Black "Lennis93"]
[Result "1-0"]
[WhiteElo "2897"]
[BlackElo "2699"]
[TimeControl "180+1"]
[EndTime "8:36:53 PST"]
[Termination "Iball95 won by resignation"]

1. e4 c5 2. Nf3 e6 3. Nc3 a6 4. d4 cxd4 5. Nxd4 Qc7 6. Bd3 Nf6 7. O-O Bc5 8. Nb3 Bd6 9. f4 e5 10. f5 h6 11. Be3 b5 12. a4 b4 13. Nd5 Nxd5 14. exd5 Be7 15. f6 Bxf6 16. a5 d6 17.
Nd2 Nd7 18. Ne4 Be7 19. Qf3 Nf6 20. Qg3 Ng4 21. Bb6 Qd7 22. h3 f5 23. Rxf5 Qxf5 24. Nxd6+ Bxd6 25. Bxf5 Bxf5 26. hxg4 Bxc2 27. Rf1 Rf8 28.
Rxf8+ Kxf8 29. Qf2+ 1-0

[Event "Early-Titled-Tuesday-Blitz-February-20-2024"]
[Site "Chess.com"]
[Date "2024.02.20"]
[Round "4"]
[White "ChEsper99"]
[Black "Kostya0705"]
[Result "1-0"]
[WhiteElo "2224"]
[BlackElo "2623"]
[TimeControl "180+1"]
[EndTime "8:36:55 PST"]
[Termination "ChEsper99 won by resignation"]

1. e4 c5 2. Nf3 e6 3. c3 d5 4.
exd5 Qxd5 5. d4 Nf6 6. Be3 cxd4 7. cxd4 Be7 8. Nc3 Qd6 9. Bd3 O-O 10. O-O Nc6 11. Qe2 a6 12. Rfd1 h6 13. Rac1 Rd8 14. Ne4 Nxe4 15. Bxe4 Nb4 16. a3 Nd5 17. Bb1 b6 18. Ne5 Bb7 19. Qd3 Nf6 20. Nc4 Qd5 21. f3 Qb5 22. b3 Rac8 23. a4 Qb4 24. Bd2 Rxc4 25. Bxb4 Rxb4 26. Rc7 Rdxd4 27. Qxd4 Rxd4 28.
Rxd4 Bc5 29. Rxc5 bxc5 30. Rd8+ 1-0

[Event "Early-Titled-Tuesday-Blitz-February-20-2024"]
[Site "Chess.com"]
[Date "2024.02.20"]
[Round "4"]
[White "GelmanAlexander"]
[Black "kleopl"]
[Result "1-0"]
[WhiteElo "2761"]
[BlackElo "2542"]
[TimeControl "180+1"]
[EndTime "8:36:56 PST"]
[Termination "GelmanAlexander won by resignation"]

1. d4 Nf6 2. Nc3 d5 3. Bf4 a6 4. e3 c5 5. Nf3 Nc6 6. Ne5 cxd4 7. exd4 Bf5 8. g4 Bg6 9. h4 Nb4 10. Rc1 Rc8 11. h5 Be4 12. f3 Bxc2 13. Rxc2 Nxc2+ 14. Qxc2 Qa5 15. Qb3 b5 16. g5 b4 17. Na4 Ng8 18. Nc5 e6 19. Nb7 Qc7 20. Qa4+ Ke7 21. Qxb4+ Ke8 22.
Qa4+ Ke7 23. Bxa6 1-0

[Event "Early-Titled-Tuesday-Blitz-February-20-2024"]
[Site "Chess.com"]
[Date "2024.02.20"]
[Round "4"]
[White "tuschessCM1"]
[Black "ragnaroek66"]
[Result "1-0"]
[WhiteElo "2675"]
[BlackElo "2372"]
[TimeControl "180+1"]
[EndTime "8:36:57 PST"]
[Termination "tuschessCM1 won by resignation"]

1. c4 e6 2. Nf3 Nf6 3. g3 d5 4. Bg2 Be7 5. O-O O-O 6. b3 d4 7. Bb2 c5 8. e3 Nc6 9. exd4 cxd4 10. Re1 Bc5 11. Ne5 Nxe5 12. Rxe5 Qc7 13. Rxc5 Qxc5 14.
Ba3 Qc7 15. Bxf8 Kxf8 16. d3 Bd7 17. Nd2 Bc6 18. b4 a5 19. a3 Bxg2 20. Kxg2 Qc6+ 21. Kg1 axb4 22. axb4 Rxa1 23. Qxa1 e5 24. Qa5 Qe8 25. Qc7 Qe7 26. Qb8+ Ne8 27. Ne4 Qxb4 28. Qxe5 Qb1+ 29. Kg2 Qxd3 30. Qc5+ Kg8 31. Qe7 h6 32. Qxe8+ Kh7 33. Nd6 1-0

[Event "Early-Titled-Tuesday-Blitz-February-20-2024"]
[Site "Chess.com"]
[Date "2024.02.20"]
[Round "4"]
[White "Juicy_Fork"]
[Black "Svet_1502"]
[Result "1-0"]
[WhiteElo "2486"]
[BlackElo "2227"]
[TimeControl "180+1"]
[EndTime "8:37:05 PST"]
[Termination "Juicy_Fork won by resignation"]

1. e4 c5 2. Nf3 e6 3. d4 cxd4 4. Nxd4 Nf6 5. Nc3 Nc6 6. a3 d6 7.
Be3 Be7 8. f3 O-O 9. Qd2 a6 10.
O-O-O Bd7 11. g4 b5 12. g5 Ne8 13. h4 Rc8 14. Nxc6 Bxc6 15. h5 g6 16. Qh2 Bxg5 17.
f4 Be7 18. hxg6 Nf6 19. g7 Re8 20. Bd4 e5 21. fxe5 dxe5 22. Bxe5 Qxd1+ 23. Kxd1 1-0

[Event "Early-Titled-Tuesday-Blitz-February-20-2024"]
[Site "Chess.com"]
[Date "2024.02.20"]
[Round "4"]
[White "CaspiIsrael"]
[Black "vugarrasulov"]
[Result "0-1"]
[WhiteElo "2713"]
[BlackElo "2932"]
[TimeControl "180+1"]
[EndTime "8:37:07 PST"]
[Termination "vugarrasulov won by resignation"]

1. d4 Nf6 2. c4 e6 3. Nc3 Bb4 4. a3 Bxc3+ 5. bxc3 Nc6 6. f3 b6 7. e4 d6 8. Bd3 Na5 9. Nh3 Ba6 10. Qe2 Qd7 11.
Rb1 c5 12. Bg5 h6 13. Bxf6 gxf6 14. Nf4 h5 15. h4 O-O-O 16. Kf2 Qa4 17. Bc2 Qxa3 18.
Rhc1 Qxc3 19. d5 Bxc4 20. Bd3 Qd4+ 21. Kf1 exd5 22. Bxc4 Nxc4 23. Nxd5 Nd2+ 24. Ke1 Nxb1 25. Rxb1 Qxd5 26. exd5 Rde8 27. Rb2 Rxe2+ 28. Rxe2 Kd7 29. Kd2 a5 30. Kc3 b5 31. Ra2 a4 32. Rb2 b4+ 33. Kc4 a3 34. Rd2 Ra8 35. Kb3 f5 0-1

[Event "Early-Titled-Tuesday-Blitz-February-20-2024"]
[Site "Chess.com"]
[Date "2024.02.20"]
[Round "4"]
[White "Korchmar_Vasiliy"]
[Black "Manukyan_Artak"]
[Result "1-0"]
[WhiteElo "2774"]
[BlackElo "2549"]
[TimeControl "180+1"]
[EndTime "8:37:07 PST"]
[Termination "Korchmar_Vasiliy won by checkmate"]

1. e4 c6 2. d4 d5 3. exd5 cxd5 4. Bd3 Nc6 5. c3 e5 6. dxe5 Nxe5 7. Qe2 Qe7 8. Bb5+ Nc6 9. Be3 Nf6 10. Nf3 Ng4 11. O-O Nxe3 12. fxe3 Bd7 13. Nd4 O-O-O 14. Nxc6 Bxc6 15.
Bxc6 bxc6 16. Nd2 f6 17. Nb3 Re8 18. Kh1 Kb7 19. Na5+ Ka8 20. Nxc6 Qxe3 21. Qb5 Qb6 22. Qxd5 Qb7 23. Rae1 Rc8 24. Re6 g5 25. Rfxf6 Bg7 26. Rf7 Rhd8 27. Rxb7 Rxd5 28. Rxa7# 1-0

[Event "Early-Titled-Tuesday-Blitz-February-20-2024"]
[Site "Chess.com"]
[Date "2024.02.20"]
[Round "4"]
[White "Akylbek2021"]
[Black "KerryStead"]
[Result "1-0"]
[WhiteElo "2277"]
[BlackElo "2028"]
[TimeControl "180+1"]
[EndTime "8:37:09 PST"]
[Termination "Akylbek2021 won on time"]

1. e4 c6 2. Nf3 d5 3. d3 Bg4 4. Be2 e6 5. O-O Nf6 6. Nbd2 Nbd7 7. h3 Bxf3 8. Bxf3 Bd6 9. c3 Ne5 10. Be2 dxe4 11. dxe4 Qc7 12. Qc2 O-O-O 13. b4 Ng6 14. Nc4 Nf4 15. Nxd6+ Qxd6 16. Bf3 g5 17. Be3 a6 18.
Rfd1 Qc7 19. a4 h6 20. b5 cxb5 21. axb5 Rd6 22. bxa6 Rxa6 23. Rxa6 bxa6 24. Qa4 Qb7 25. e5 N6d5 26. c4 1-0

[Event "Early-Titled-Tuesday-Blitz-February-20-2024"]
[Site "Chess.com"]
[Date "2024.02.20"]
[Round "4"]
[White "Schattman"]
[Black "stratacticos"]
[Result "1-0"]
[WhiteElo "2434"]
[BlackElo "1981"]
[TimeControl "180+1"]
[EndTime "8:37:10 PST"]
[Termination "Schattman won by resignation"]

1. f4 c5 2. Nf3 Nc6 3. g3 g6 4. e4 Bg7 5. Bg2 d6 6. O-O e6 7. c3 Nge7 8. Kh1 O-O 9. d4 cxd4 10. cxd4 d5 11. e5 Nf5 12. Nc3 a6 13. g4 Nh4 14.
Be3 Nxg2 15. Kxg2 f6 16. Rc1 fxe5 17. fxe5 Bd7 18. Qd2 Na5 19. b3 Rc8 20. Ne2 Rxc1 21. Rxc1 Nc6 22. Bg5 Qb6 23. Bh6 Bxh6 24. Qxh6 Rxf3 25.
Kxf3 Nxd4+ 26. Nxd4 Qxd4 27. Qe3 Qxe3+ 28. Kxe3 Bc6 29. Rf1 Kg7 30. g5 h6 31. h4 h5 32.
Kd4 1-0

[Event "Early-Titled-Tuesday-Blitz-February-20-2024"]
[Site "Chess.com"]
[Date "2024.02.20"]
[Round "4"]
[White "Zavgorodniy_Sergiy"]
[Black "falzehope0"]
[Result "1-0"]
[WhiteElo "2612"]
[BlackElo "2400"]
[TimeControl "180+1"]
[EndTime "8:37:18 PST"]
[Termination "Zavgorodniy_Sergiy won by resignation"]

1. d4 e6 2. c4 d5 3. Nf3 c6 4. e3 Bd6 5. g3 f5 6. Bg2 Nf6 7. O-O O-O 8. b3 Qe7 9. a4 a5 10. Ba3 Na6 11. Bxd6 Qxd6 12. Nbd2 Nb4 13. Ne5 Ne4 14. Nxe4 fxe4 15. f3 exf3 16. Rxf3 Bd7 17. Qd2 Rxf3 18. Bxf3 Be8 19. Rf1 Bg6 20. Bg4 Bc2 21. c5 Qe7 22. Rf7 Qe8 23. Rxb7 Bxb3 24. e4 Bxa4 25. Qg5 Qf8 26. Bxe6+ Kh8 27. Ng6+ 1-0

[Event "Early-Titled-Tuesday-Blitz-February-20-2024"]
[Site "Chess.com"]
[Date "2024.02.20"]
[Round "4"]
[White "dimoni64"]
[Black "ClaudiaSof"]
[Result "0-1"]
[WhiteElo "2095"]
[BlackElo "2331"]
[TimeControl "180+1"]
[EndTime "8:37:18 PST"]
[Termination "ClaudiaSof won by checkmate"]

1. e4 e5 2. Nf3 Nc6 3. d4 exd4 4.
Nxd4 Nf6 5. Nc3 Bb4 6. f3 O-O 7.
Be3 d5 8. Bd3 dxe4 9. Nxc6 bxc6 10. Bxe4 Nxe4 11. fxe4 Bxc3+ 12. bxc3 Qh4+ 13. Bf2 Qxe4+ 14. Kf1 c5 15. Qd2 Ba6+ 16. Kg1 Rad8 17. Qe1 Qxc2 18. Bxc5 Rfe8 19. Qc1 Qf5 20. Bf2 Re2 21. Bg3 Bb7 22. Qf4 Rxg2+ 23. Kf1 Qd3+ 24. Ke1 Qe2# 0-1

[Event "Early-Titled-Tuesday-Blitz-February-20-2024"]
[Site "Chess.com"]
[Date "2024.02.20"]
[Round "4"]
[White "NewYearGirl"]
[Black "ninguno46"]
[Result "0-1"]
[WhiteElo "2362"]
[BlackElo "2544"]
[TimeControl "180+1"]
[EndTime "8:37:20 PST"]
[Termination "ninguno46 won by resignation"]

1. e4 c5 2. Nf3 Nc6 3. d4 cxd4 4. Nxd4 g6 5. c4 Nf6 6. Nc3 d6 7. Be3 Ng4 8. Be2 Nxe3 9. fxe3 Bh6 10. Nxc6 bxc6 11. O-O Bxe3+ 12. Kh1 O-O 13. Rf3 Bh6 14. c5 dxc5 15. Qxd8 Rxd8 16. Bc4 e6 17. Raf1 Rf8 18. e5 Bg7 19. Ne4 Bxe5 20. Nxc5 a5 21. b3 Ra7 22.
Nxe6 Bxe6 23. Bxe6 Kg7 24. Bc4 f5 25. Re3 Re7 26.
Rfe1 Kf6 27. g3 Rd8 28. Kg2 h5 29. Kf3 Rd4 30. Rd3 c5 31. Rde3 h4 32. R1e2 g5 33.
Rd3 g4+ 34. Kg2 h3+ 35. Kf1 Red7 36. Red2 Kg5 37. Ke2 f4 38. gxf4+ Bxf4 39. Rxd4 cxd4 0-1

[Event "Early-Titled-Tuesday-Blitz-February-20-2024"]
[Site "Chess.com"]
[Date "2024.02.20"]
[Round "4"]
[White "tsaruk_maks"]
[Black "Predo63"]
[Result "1-0"]
[WhiteElo "2740"]
[BlackElo "2539"]
[TimeControl "180+1"]
[EndTime "8:37:21 PST"]
[Termination "tsaruk_maks won by resignation"]

1. e4 c6 2. d4 d5 3. e5 g6 4. Bd3 Na6 5. c3 Nc7 6. h3 Bf5 7. Bxf5 gxf5 8. Qh5 e6 9. Bg5 Be7 10. Nf3 h6 11. Bf4 Bf8 12. Nbd2 Bg7 13. Nb3 Ne7 14. g4 b6 15. Rg1 Qd7 16. O-O-O a5 17. gxf5 Nxf5 18. Nh4 Bf8 19. Nxf5 exf5 20. e6 Nxe6 21.
Be5 Rh7 22. Qxf5 Rg7 23. Bxg7 Bxg7 24. Nd2 O-O-O 25. Nf3 a4 26. Ne5 Bxe5 27. Qxe5 a3 28. b3 Kb7 29. f4 b5 30. h4 Kb6 31. f5 Nc7 32. Rde1 Ne8 33. Qe7 Nd6 34. Qxd7 Rxd7 35. Re5 f6 36. Re6 Nxf5 37. Rxf6 Nxh4 38. Rg4 1-0